 Dungeon Crawl Stone Soup version 0.22.1-5-g62c59d9 (webtiles) character file.

257821 systemy the Hoplite (level 19, -19/179 HPs)
             Began as a Minotaur Berserker on Jan 9, 2019.
             Was the Champion of Trog.
             Killed from afar by a crystal guardian (41 damage)
             ... with a crystal bolt
             ... in the Desolation of Salt.
             The game lasted 01:43:57 (31543 turns).

systemy the Hoplite (Minotaur Berserker)           Turns: 31543, Time: 01:43:58

Health: -19/179    AC: 27    Str: 35    XL:     19   Next: 10%
Magic:  18/18      EV: 12    Int:  4    God:    Trog [******]
Gold:   2114       SH: 43    Dex: 14    Spells: 18/18 levels left

rFire    . . .     SeeInvis .   I - +7 broad axe of Fumieso {drain, *Noise +Rage +Inv rElec}
rCold    . . .     Gourm    .   B - +8 large shield {AC+3}
rNeg     . . .     Faith    .   V - +2 plate armour {rPois}
rPois    +         Spirit   .   (helmet restricted)
rElec    +         Reflect  +   q - +1 cloak
rCorr    .         Harm     .   A - +0 pair of gloves of Ismoshred {MR+ Str+3}
MR       ++...     Clarity  +   L - +0 pair of boots
Stlth    ..........             F - brooch of Shielding {Reflect SH+8}
HPRegen  0.39/turn              f - +3 ring of strength
MPRegen  0.16/turn              G - +3 ring of dexterity

@: no status effects
A: retaliatory headbutt, horns 2, blink, clarity
}: 2/15 runes: decaying, gossamer
a: Blink, Berserk, Trog's Hand, Brothers in Arms, Renounce Religion, Evoke
Berserk Rage, Evoke Invisibility


You were in the Desolation of Salt.
You worshipped Trog.
Trog was exalted by your worship.
You were not hungry.

You visited 6 branches of the dungeon, and saw 32 of its levels.
You also visited: Sewer and Desolation.

You collected 3438 gold pieces.
You spent 1324 gold pieces at shops.

Inventory:

Hand Weapons
 E - a +1 war axe of flaming
 I - the +7 broad axe of Fumieso (weapon) {drain, *Noise +Rage +Inv rElec}
   (You bought it in a shop on level 2 of the Orcish Mines)

   A truly terrible weapon, it drains the life of those it strikes.
   It insulates you from electricity.
   It lets you turn invisible.
   It lets you go berserk.
   It may make noises in combat.
 W - the +2 war axe "Faheed" {chop, rC++ Dex+3 SInv Stlth+}
   (Trog gifted it to you on level 6 of the Lair of Beasts)

   It inflicts extra damage upon your enemies.
   It affects your dexterity (+3).
   It greatly protects you from cold.
   It lets you see invisible.
   It makes you more stealthy.
Armour
 q - a +1 cloak (worn)
 A - the +0 pair of gloves of Ismoshred (worn) {MR+ Str+3}
   (You found it on level 5 of the Dungeon)

   It affects your strength (+3).
   It affects your resistance to hostile enchantments.
 B - a +8 large shield of protection (worn)
 L - a +0 pair of boots (worn)
 V - a +2 plate armour of poison resistance (worn)
Jewellery
 f - a +3 ring of strength (left hand)
 p - a +6 ring of protection {unknown}
 F - the brooch of Shielding (around neck) {Reflect SH+8}
   (You took it off an orc on level 1 of the Orcish Mines)

   [amulet of reflection]

   It shields you and reflects attacks.
   It affects your SH (+8).
 G - a +3 ring of dexterity (right hand)
 O - the amulet "Mufiv" {Reflect rElec rPois MR+ Int+2 SH+2}
   (You found it on level 1 of the Orcish Mines)

   [amulet of reflection]

   It shields you and reflects attacks.
   It affects your intelligence (+2).
   It insulates you from electricity.
   It protects you from poison.
   It affects your resistance to hostile enchantments.
   It affects your SH (+2).
Wands
 g - a wand of paralysis (13)
 h - a wand of scattershot (3)
 n - a wand of random effects (19)
 K - a wand of digging (52)
Scrolls
 a - a scroll of torment {unknown}
 d - 8 scrolls of identify
 e - 12 scrolls of remove curse
 i - 14 scrolls of teleportation
 k - 7 scrolls of magic mapping
 t - 3 scrolls of fog
 v - a scroll of brand weapon
 w - 5 scrolls of fear
 Q - 2 scrolls of holy word
 T - 2 scrolls of enchant weapon
Potions
 b - a potion of berserk rage
 j - 15 potions of curing
 l - a potion of magic
 m - 5 potions of agility
 o - 4 potions of flight
 r - 6 potions of brilliance
 s - 6 potions of might
 u - 10 potions of haste
 C - 5 potions of ambrosia
 J - 2 potions of heal wounds
 Y - 3 potions of resistance
Comestibles
 c - 38 rations


   Skills:
 + Level 18.1 Fighting
 + Level 20.7 Axes
 + Level 14.4 Armour
 + Level 6.6 Dodging
 + Level 23.6 Shields


You had 18 spell levels left.
You didn't know any spells.
Your spell library was empty.

Dungeon Overview and Level Annotations

Branches:
Dungeon (15/15)            Temple (0/1) D:4            Lair (6/6) D:8
  Swamp (4/4) Lair:4       Spider (4/4) Lair:3        Slime (0/5) Lair:6
    Orc (2/2) D:9             Elf (1/3) Orc:2        Vaults (0/5) D:13
 Depths (0/5) D:15

Altars:
Dithmenos
Elyvilon
Gozag
Kikubaaqudgha
Makhleb
Okawaru
Qazlal
Ru
Sif Muna
Trog
Uskayaw
Wu Jian
Xom
Yredelemnul
The Shining One

Shops:
D:5 [   D:9 (   D:12 %   D:14 :   Orc:2 [*!(?

Portals:
Trove: D:14 (give 8 potions of agility)

Annotations:
D:15 Amon001's ghost, adept GrFi
Lair:4 2 transporters
Orc:2 1 exclusion


Innate Abilities, Weirdness & Mutations

You reflexively headbutt those who attack you in melee.
You have a pair of horns on your head.
You can translocate small distances at will.
You possess an exceptional clarity of mind.


Message History

The crystal bolt misses you.
You hit the crystal guardian but do no damage.
The crystal guardian is almost destroyed.
You slash the crystal guardian!
You headbutt the crystal guardian, but do no damage.
The crystal guardian is almost destroyed.
You block the crystal guardian's attack.
You slash the crystal guardian!
You destroy the crystal guardian!
Trog accepts your kill.
A crystal guardian comes into view.
There is a gate leading back out of this place here.
The crystal guardian glitters, brittle, in the dim dungeon light.
The crystal guardian glitters, brittle, in the dim dungeon light.
The crystal guardian fires a crystalline bolt at you.
The crystal bolt burns you!
* * * LOW HITPOINT WARNING * * *
The crystal guardian fires a crystalline bolt at you.
The crystal bolt burns you!
You die...

...............§§§.§§.......
................§§§§§..
................§§§§.§.
#...........#)......§..
...........).#......#§.
.............#..........
.............)........§
.......∩.∩............§
...........@.8......§§.
......................
.................#..§
....................
....#.#.............
......#.............
.................§§
............§§


You could see a crystal guardian.

Vanquished Creatures
  Arachne (Spider:2)
  Jorgrun (Spider:2)
  Frances (Swamp:1)
  3 thorn hunters
  Kirke (D:12)
  Agnes (Spider:2)
  3 orc warlords
  4 ghost moths
  An imperial myrmidon (Desolation)
  5 emperor scorpions
  3 entropy weavers
  3 spark wasps (Spider:4)
  A crystal guardian (Desolation)
  An ettin (Orc:2)
  6 ragged hierophants (Desolation)
  Erolcha (D:12)
  2 vault guards (D:13)
  5 servants of whispers
  A ghost crab (Swamp:4)
  A great orb of eyes (D:13)
  22 hydras
  3 catoblepae
  4 centaur warriors
  4 peacekeepers (Desolation)
  Erica (D:8)
  The ghost of buskinjo the Carver, a journeyman OpGl of Gozag (D:9)
  2 ogre magi
  A queen ant (Spider:2)
  12 two-headed ogres
  5 dancing weapons (Elf:1)
  9 alligators
  6 death yaks (Lair:6)
  4 orc high priests (Orc:2)
  Urug (D:10)
  13 spriggans
  3 deep elf knights (Elf:1)
  Sonja (Orc:1)
  An unseen horror (D:13)
  3 spriggan druids
  2 skeletal warriors (D:15)
  A flayed ghost (D:15)
  2 wizards
  2 shambling mangroves (Swamp:2)
  3 deep elf archers
  4 ironbrand convokers (Desolation)
  7 swamp dragons
  The ghost of lapinsky the Slasher, a novice HOBe of Trog (D:6)
  11 deep elf magi
  2 necromancers
  3 orc sorcerers
  A stone giant zombie (D:15)
  7 ugly things
  4 orc knights
  25 wolf spiders
  12 orb spiders
  3 cyclopes
  A manticore (D:15)
  11 elephants (Lair:6)
  A stone giant skeleton (D:15)
  2 guardian serpents (Desolation)
  4 centaur zombies
  An elf zombie (D:15)
  4 moths of wrath
  5 black mambas
  Maurice (D:11)
  33 spiny frogs
  3 gargoyles
  A rime drake (Lair:3)
  12 demonic crawlers
  Psyche (D:8)
  A yaktaur (D:13)
  An efreet (D:12)
  A spriggan skeleton (D:15)
  12 komodo dragons
  8 trolls
  7 kobold demonologists
  16 polar bears
  25 jumping spiders
  Prince Ribbit (D:8)
  12 tyrant leeches
  21 hornets
  42 saltlings
  Grinder (D:3)
  2 hippogriffs (shapeshifter)
  21 blink frogs
  9 bog bodies
  8 hippogriffs
  29 slime creatures
  50 yaks
  52 redbacks
  3 shadows
  3 water elementals
  33 tarantellas
  4 wyverns
  21 humans (D:13)
  6 hogs (D:12)
  A vampire (D:12)
  A fire elemental (Elf:1)
  A steam dragon (D:8)
  A basilisk (Lair:5)
  5 hungry ghosts
  Grum (D:8)
  14 vampire mosquitoes
  8 wargs
  22 swamp worms
  30 insubstantial wisps
  24 soldier ants
  6 water moccasins
  A water moccasin (shapeshifter) (Elf:1)
  9 porcupines
  9 swamp drakes
  3 black bears (Lair:2)
  An ice beast (shapeshifter) (D:12)
  45 orc warriors
  5 sky beasts
  An eye of draining (D:14)
  An ice beast (D:13)
  A necrophage (D:9)
  22 ogres
  18 wolves
  7 phantoms
  4 centaurs
  13 crocodiles
  5 big kobolds
  32 bullfrogs
  An earth elemental (Elf:1)
  2 wyvern skeletons
  2 water moccasin zombies
  4 scorpions
  9 killer bees
  3 wights (D:6)
  5 electric eels
  5 howler monkeys
  4 crimson imps
  A quasit (D:12)
  8 hounds
  A lava snake (Lair:1)
  2 bullfrog zombies
  6 centaur skeletons
  A gnoll shaman (Orc:2)
  36 orc priests
  Crazy Yiuf (D:4)
  8 jellies
  35 orc wizards
  3 bullfrog skeletons
  A hell rat (D:8)
  3 iguanas
  33 worker ants
  A hound zombie (D:7)
  A hound skeleton (D:7)
  A killer bee simulacrum (D:6)
  A worker ant zombie (D:7)
  3 gnolls (Orc:2)
  17 adders
  10 river rats
  4 shadow imps
  2 oozes (Lair:6)
  An adder skeleton (D:5)
  6 worms
  2 dart slugs
  An adder simulacrum (D:6)
  16 leopard geckos
  108 orcs
  12 giant cockroaches
  6 hobgoblins
  16 jackals
  6 quokkas
  6 ball pythons
  5 bats
  7 frilled lizards
  7 goblins
  A jackal skeleton (D:4)
  21 kobolds
  A leopard gecko skeleton (D:4)
  A quokka skeleton (D:6)
  38 rats
  10 briar patches
  A bush (Lair:3)
  3 plants
  2 withered plants (D:15)
1482 creatures vanquished.

Vanquished Creatures (collateral kills)
  A peacekeeper (Desolation)
  A deep elf mage (D:11)
  2 wolf spiders (Spider:4)
  A jumping spider (Spider:4)
  2 saltlings (Desolation)
  A redback (Spider:4)
  An orc warrior (Orc:2)
  3 orc priests (Orc:2)
  An orc wizard (Orc:2)
13 creatures vanquished.

Vanquished Creatures (others)
  A spriggan druid (Swamp:4)
  An ugly thing (D:12)
  A swamp worm (Swamp:4)
  A water moccasin (Lair:2)
  A swamp drake (Swamp:4)
  A bullfrog (D:12)
  A hound (D:12)
  A quokka (D:14)
  3 briar patches (Swamp:4)
  2 fungi (Lair:4)
  19 plants
32 creatures vanquished.

Grand Total: 1527 creatures vanquished

Notes
Turn   | Place    | Note
-------+----------+-------------------------------------------
     0 | D:1      | systemy the Minotaur Berserker began the quest for the Orb.
     0 | D:1      | Reached XP level 1. HP: 19/19 MP: 0/0
   136 | D:1      | Reached XP level 2. HP: 15/27 MP: 1/1
   551 | D:1      | Found an iron altar of Okawaru.
   729 | D:2      | Reached XP level 3. HP: 21/33 MP: 2/2
   950 | D:2      | Noticed an ogre
   959 | D:2      | Killed an ogre
   959 | D:2      | Reached skill level 5 in Axes
   959 | D:2      | Reached XP level 4. HP: 41/41 MP: 3/3
  1097 | D:2      | Reached XP level 5. HP: 47/47 MP: 4/4
  1150 | D:2      | Reached ** piety under Trog
  1982 | D:3      | Found an ornate altar of the Wu Jian Council.
  2111 | D:3      | Reached skill level 1 in Shields
  2124 | D:3      | Found a glowing drain.
  2141 | D:3      | Reached skill level 5 in Fighting
  2148 | Sewer    | Entered a sewer
  2541 | Sewer    | Reached skill level 2 in Shields
  2554 | Sewer    | Reached XP level 6. HP: 14/56 MP: 5/5
  2890 | Sewer    | Reached *** piety under Trog
  3064 | D:3      | Found an ancient bone altar of Kikubaaqudgha.
  3064 | D:3      | Noticed Grinder
  3078 | D:3      | Killed Grinder
  3078 | D:3      | Reached skill level 3 in Shields
  3495 | D:4      | Reached XP level 7. HP: 48/61 MP: 6/6
  3559 | D:4      | HP: 2/61 [ogre/giant club (20)]
  3564 | D:4      | HP: 1/61 [poisoned by a worker ant]
  3993 | D:4      | Found a staircase to the Ecumenical Temple.
  4388 | D:4      | Found a glowing golden altar of the Shining One.
  4388 | D:4      | Found a sacrificial altar of Ru.
  4473 | D:4      | Reached skill level 4 in Shields
  4557 | D:4      | Found a runed door.
  4657 | D:4      | Noticed Crazy Yiuf
  4663 | D:4      | Killed Crazy Yiuf
  4685 | D:4      | Gained mutation: You possess an exceptional clarity of
                  | mind. [potion of mutation]
  4685 | D:4      | Gained mutation: You can translocate small distances at
                  | will. [potion of mutation]
  4795 | D:5      | Entered Level 5 of the Dungeon
  4795 | D:5      | Found Fikesot's Armour Boutique.
  4834 | D:5      | Found a burning altar of Makhleb.
  4939 | D:5      | Reached XP level 8. HP: 62/70 MP: 7/7
  4941 | D:5      | Reached **** piety under Trog
  5068 | D:5      | Found a basalt altar of Yredelemnul.
  5353 | D:6      | Reached skill level 5 in Shields
  5415 | D:6      | Received a gift from Trog
  5554 | D:6      | Found a white marble altar of Elyvilon.
  5595 | D:6      | Reached skill level 5 in Armour
  5942 | D:6      | Reached skill level 6 in Shields
  6015 | D:6      | Found a runed gate.
  6015 | D:6      | Found a runed gate.
  6015 | D:6      | Found a runed gate.
  6055 | D:6      | Noticed lapinsky's ghost (novice HOBe)
  6086 | D:6      | Killed lapinsky's ghost
  6086 | D:6      | Reached skill level 10 in Axes
  6087 | D:6      | Reached XP level 9. HP: 79/79 MP: 8/8
  6229 | D:5      | Got a pair of heavily runed gloves
  6235 | D:5      | Identified the cursed +0 pair of gloves of Ismoshred {MR+
                  | Str+3} (You found it on level 5 of the Dungeon)
  6274 | D:5      | Bought a +2 large shield of protection for 301 gold pieces
  6403 | D:7      | Found a stormy altar of Qazlal.
  6442 | D:7      | Found a sacrificial altar of Ru.
  6854 | D:7      | Reached ***** piety under Trog
  7082 | D:7      | Reached skill level 7 in Shields
  7128 | D:8      | Noticed Grum
  7143 | D:8      | Killed Grum
  7405 | D:8      | Received a gift from Trog
  7417 | D:8      | Reached XP level 10. HP: 87/88 MP: 9/9
  7483 | D:8      | Noticed a two-headed ogre
  7484 | D:8      | Noticed Prince Ribbit
  7488 | D:8      | Reached skill level 8 in Shields
  7490 | D:8      | Killed a two-headed ogre
  7606 | D:8      | Noticed Erica
  7631 | D:8      | Killed Erica
  7644 | D:8      | Reached skill level 9 in Shields
  7681 | D:8      | Noticed Psyche
  7694 | D:8      | Killed Psyche
  7749 | D:8      | Found a staircase to the Lair.
  7854 | D:8      | Killed Prince Ribbit
  8041 | D:9      | Found a hide-covered altar of Uskayaw.
  8042 | D:9      | Found a deep blue altar of Sif Muna.
  8061 | D:9      | Found a bloodstained altar of Trog.
  8167 | D:9      | Noticed a two-headed ogre
  8177 | D:9      | Killed a two-headed ogre
  8219 | D:9      | Found a shadowy altar of Dithmenos.
  8252 | D:9      | Found a transporter.
  8254 | D:9      | Noticed buskinjo's ghost (journeyman OpGl)
  8255 | D:9      | Noticed a two-headed ogre
  8257 | D:9      | Found a transporter.
  8259 | D:9      | Noticed a two-headed ogre
  8278 | D:9      | Found Poxt's Weapon Shop.
  8346 | D:9      | Reached XP level 11. HP: 89/97 MP: 10/10
  8351 | D:9      | Reached skill level 10 in Shields
  8450 | D:9      | Found an opulent altar of Gozag.
  8551 | D:9      | Found a staircase to the Orcish Mines.
  8665 | D:9      | Killed a two-headed ogre
  8689 | D:9      | Killed buskinjo's ghost
  8697 | D:9      | Killed a two-headed ogre
  8760 | D:10     | Entered Level 10 of the Dungeon
  9252 | D:10     | Noticed Urug
  9273 | D:10     | Killed Urug
  9273 | D:10     | Reached skill level 11 in Shields
  9393 | D:10     | You fall through a shaft!
  9439 | D:11     | Noticed a two-headed ogre
  9445 | D:11     | Killed a two-headed ogre
  9445 | D:11     | Reached skill level 12 in Shields
  9464 | D:11     | Noticed a deep elf mage
  9475 | D:11     | Killed a deep elf mage
  9715 | D:11     | Reached XP level 12. HP: 89/106 MP: 11/11
  9828 | D:11     | Reached skill level 10 in Fighting
  9879 | D:11     | Noticed Maurice
  9898 | D:11     | Killed Maurice
 10013 | D:11     | Noticed a five-headed hydra
 10023 | D:11     | Killed a ten-headed hydra
 10348 | D:12     | Found a shimmering altar of Xom.
 10348 | D:12     | Noticed a six-headed hydra
 10367 | D:12     | Received a gift from Trog
 10404 | D:12     | Reached skill level 13 in Shields
 10461 | D:12     | Killed an 11-headed hydra
 10469 | D:12     | Found Ococuqen's Food Shoppe.
 10812 | D:12     | Reached skill level 5 in Dodging
 10911 | D:12     | Noticed Erolcha
 10924 | D:12     | Killed Erolcha
 10924 | D:12     | Reached skill level 10 in Armour
 10931 | D:12     | Noticed Kirke
 10960 | D:12     | Killed Kirke
 10960 | D:12     | Reached skill level 14 in Shields
 11157 | D:12     | Noticed a two-headed ogre
 11174 | D:12     | Killed a two-headed ogre
 11184 | D:12     | Noticed an ogre mage
 11195 | D:12     | Noticed a seven-headed hydra
 11207 | D:12     | Killed an 11-headed hydra
 11214 | D:12     | Killed an ogre mage
 11214 | D:12     | Reached XP level 13. HP: 74/116 MP: 12/12
 11447 | D:12     | Reached skill level 15 in Shields
 11951 | D:13     | Received a gift from Trog
 12368 | D:13     | Reached skill level 15 in Axes
 12514 | D:13     | Reached skill level 16 in Shields
 12564 | D:13     | Found a gate to the Vaults.
 13209 | D:14     | Received a gift from Trog
 13225 | D:14     | Reached XP level 14. HP: 95/127 MP: 8/13
 13259 | D:14     | Found Massiviy's Book Boutique.
 13281 | D:14     | Found a portal to a secret trove of treasure.
 13452 | D:14     | Found a white marble altar of Elyvilon.
 13475 | D:14     | Reached skill level 17 in Shields
 13802 | D:15     | Entered Level 15 of the Dungeon
 13962 | D:15     | Found a bloodstained altar of Trog.
 14075 | D:15     | Found a staircase to the Depths.
 14302 | D:15     | Found a runed door.
 14306 | D:15     | Noticed Amon001's ghost (adept GrFi)
 15404 | Orc:1    | Entered Level 1 of the Orcish Mines
 15456 | Orc:1    | Received a gift from Trog
 15503 | Orc:2    | Entered Level 2 of the Orcish Mines
 16158 | Orc:2    | Found a staircase to the Elven Halls.
 16195 | Orc:2    | Received a gift from Trog
 16201 | Orc:2    | Reached skill level 18 in Shields
 16236 | Orc:2    | Found Qeotanol's Distillery.
 16236 | Orc:2    | Found Picoihiv's Assorted Antiques.
 16292 | Orc:2    | Found Emanef's Weapon Emporium.
 16292 | Orc:2    | Found Bedgh's Magic Scroll Emporium.
 16318 | Orc:2    | Bought the +7 broad axe of Fumieso {drain, *Noise +Rage
                  | +Inv rElec} for 948 gold pieces
 16321 | Orc:2    | Bought a potion of heal wounds for 75 gold pieces
 16523 | Orc:2    | Noticed an orc warlord
 16545 | Orc:2    | Killed an orc warlord
 16574 | Orc:2    | Found Xememm's Antique Armour Emporium.
 16642 | Orc:2    | Reached ****** piety under Trog
 16828 | Orc:1    | Noticed Sonja
 16860 | Orc:1    | Killed Sonja
 16872 | Orc:1    | Reached XP level 15. HP: 84/137 MP: 14/14
 16875 | Orc:1    | Received a gift from Trog
 16898 | Orc:1    | Noticed an orc warlord
 17033 | Orc:1    | Killed an orc warlord
 17055 | Orc:1    | Noticed an orc warlord
 17376 | Orc:1    | Killed an orc warlord
 17592 | Orc:1    | Got a wavering jade amulet
 17760 | Lair:1   | Entered Level 1 of the Lair of Beasts
 18671 | Lair:2   | Received a gift from Trog
 19438 | Lair:3   | Found a hole to the Spider Nest.
 20196 | Lair:4   | Found a transporter.
 20611 | Lair:4   | Reached skill level 19 in Shields
 20632 | Lair:4   | Found a transporter.
 21113 | Lair:4   | Found a staircase to the Swamp.
 21386 | Lair:5   | Received a gift from Trog
 21869 | Lair:6   | Entered Level 6 of the Lair of Beasts
 21994 | Lair:6   | Reached XP level 16. HP: 147/147 MP: 15/15
 22042 | Lair:6   | Reached skill level 15 in Fighting
 22051 | Lair:6   | Received a gift from Trog
 22110 | Lair:6   | Found a staircase to the Slime Pits.
 22762 | Lair:6   | Got an encrusted war axe {god gift}
 22763 | Lair:6   | Identified the +2 war axe "Faheed" {chop, rC++ Dex+3 SInv
                  | Stlth+} (Trog gifted it to you on level 6 of the Lair of
                  | Beasts)
 22972 | Spider:1 | Entered Level 1 of the Spider Nest
 23142 | Spider:1 | Received a gift from Trog
 23142 | Spider:1 | Reached skill level 20 in Shields
 23923 | Spider:2 | Noticed Arachne
 23936 | Spider:2 | Killed Arachne
 23938 | Spider:2 | Noticed Jorgrun
 23955 | Spider:2 | Killed Jorgrun
 24055 | Spider:2 | Noticed Agnes
 24065 | Spider:2 | Killed Agnes
 24908 | Spider:3 | Received a gift from Trog
 25009 | Spider:3 | Reached XP level 17. HP: 133/158 MP: 16/16
 25476 | Spider:4 | Entered Level 4 of the Spider Nest
 25546 | Spider:4 | Reached skill level 21 in Shields
 25842 | Spider:4 | Received a gift from Trog
 26231 | Spider:4 | Received a gift from Trog
 26864 | Spider:4 | Got a gossamer rune of Zot
 27221 | Swamp:1  | Entered Level 1 of the Swamp
 27224 | Swamp:1  | Noticed Frances
 27245 | Swamp:1  | Killed Frances
 27465 | Swamp:1  | Received a gift from Trog
 27465 | Swamp:1  | Reached skill level 22 in Shields
 27588 | Swamp:1  | Identified the amulet "Mufiv" {Reflect rElec rPois MR+
                  | Int+2 SH+2} (You found it on level 1 of the Orcish Mines)
 28194 | Swamp:2  | Reached XP level 18. HP: 119/169 MP: 17/17
 28656 | Swamp:3  | Received a gift from Trog
 28865 | Swamp:3  | Received a gift from Trog
 29443 | Swamp:4  | Entered Level 4 of the Swamp
 30233 | Swamp:4  | Received a gift from Trog
 30242 | Swamp:4  | Got a decaying rune of Zot
 30698 | Elf:1    | Entered Level 1 of the Elven Halls
 30728 | Elf:1    | Reached skill level 23 in Shields
 31277 | Elf:1    | Found a ruined gateway.
 31302 | Desolati | Entered the Desolation of Salt
 31363 | Desolati | Received a gift from Trog
 31379 | Desolati | Reached XP level 19. HP: 99/179 MP: 18/18
 31543 | Desolati | Killed from afar by a crystal guardian

Skill      XL: |  1  2  3  4  5  6  7  8  9 10 11 12 13 14 15 16 17 18 |
---------------+-------------------------------------------------------+-----
Axes           | 4 5 6 7 10 11 13 14 15 16 18 19 20 | 20.7
Fighting       | 4 5 7 9 11 12 13 14 16 17 18 | 18.1
Armour         | 3 4 5 6 7 9 10 11 12 13 14 | 14.4
Dodging        | 3 4 5 6 |  6.6
Shields        | 2 3 4 6 7 9 12 14 16 18 19 20 22 23 | 23.6

Action                   |  1- 3 |  4- 6 |  7- 9 | 10-12 | 13-15 | 16-18 | 19-21 || total
-------------------------+-------+-------+-------+-------+-------+-------+-------++-------
Melee: Hand axe          |    42 |   190 |   432 |   714 |   622 |       |       ||  2000
       Headbutt          |     6 |    24 |    84 |   167 |   377 |   352 |    18 ||  1028
       Unarmed           |       |       |       |     6 |       |       |       ||     6
       War axe           |       |       |       |       |   160 |       |       ||   160
       Broad axe         |       |       |       |       |   562 |  1291 |    54 ||  1907
Invok: Berserk           |     2 |     2 |     3 |     6 |     8 |     8 |       ||    29
       Trog's Hand       |       |     1 |     1 |     1 |     2 |       |     1 ||     6
       Brothers in Arms  |       |       |       |     1 |     1 |     1 |     1 ||     4
  Use: Scroll            |       |       |    11 |     8 |     1 |    19 |       ||    39
       Potion            |       |       |     7 |       |     1 |     5 |     1 ||    14
 Stab: Sleeping          |     1 |       |       |       |       |       |       ||     1
       Petrified         |       |       |       |       |     3 |       |       ||     3
  Eat: Chunk             |     1 |    11 |    17 |    18 |    39 |    24 |       ||   110
       Ration            |       |       |       |     1 |     2 |     4 |     1 ||     8
Armor: Animal skin       |     8 |    26 |       |       |       |       |       ||    34
       Leather armour    |       |     2 |    11 |       |       |       |       ||    13
       Plate armour      |       |       |    73 |   164 |   276 |   383 |     6 ||   902
Dodge: Dodged            |    25 |    68 |    74 |    79 |   153 |   253 |     4 ||   656
Block: Shield            |     1 |    94 |    94 |       |       |       |       ||   189
       Large shield      |       |       |   128 |   545 |  1199 |  1917 |    48 ||  3837
       Reflection        |       |       |       |       |     3 |    41 |       ||    44
